 Dungeon Crawl Stone Soup version 0.22.1-1-ga44c0e5 (console) character file.

1606 bli the Magician (level 8, -3/46 HPs)
             Began as a Gargoyle Fire Elementalist on Sept 28, 2018.
             Was a Follower of Sif Muna.
             Slain by a centaur (4 damage)
             ... on level 6 of the Dungeon.
             The game lasted 00:22:41 (6036 turns).

bli the Magician (Gargoyle Fire Elementalist)       Turns: 6036, Time: 00:22:42

Health: -3/46      AC: 16    Str: 12    XL:     8   Next: 94%
Magic:  15/15      EV: 10    Int: 17    God:    Sif Muna [*.....]
Gold:   112        SH:  0    Dex: 11    Spells: 12/17 levels left

rFire    + + .     SeeInvis .   C - +4 quarterstaff (chaos)
rCold    x x .     Gourm    .   (shield currently unavailable)
rNeg     + . .     Faith    .   t - +1 scale mail "Tisoonun" {rElec rCorr} (curse)
rPois    ∞         Spirit   .   N - +1 hat
rElec    +         Reflect  .   z - +1 cloak
rCorr    +         Harm     .   (no gloves)
MR       .....                  (no boots)
Stlth    +.........             (no amulet)
HPRegen  0.15/turn              r - ring of fire
MPRegen  0.14/turn              m - ring of fire

@: very slightly contaminated
A: negative energy resistance 1, electricity resistance, unbreathing,
petrification resistance, rot immunity, AC +5
a: Divine Energy, Renounce Religion


You were on level 6 of the Dungeon.
You worshipped Sif Muna.
Sif Muna was aware of your devotion.
You were not hungry.

You visited 2 branches of the dungeon, and saw 7 of its levels.

You collected 355 gold pieces.
You spent 243 gold pieces at shops.

Inventory:

Hand Weapons
 f - a +0 club
 p - a +0 flail
 u - a +2 dagger of holy wrath
 y - a +0 whip
 C - a +4 quarterstaff of chaos (weapon)
 E - a +0 mace
 F - a +0 mace
 G - a +0 mace
 H - a +0 mace
Missiles
 b - 181 stones (quivered)
Armour
 a - a +0 robe
 s - a +0 leather armour
 t - the cursed +1 scale mail "Tisoonun" (worn) {rElec rCorr}
   (You bought it in a shop on level 5 of the Dungeon)

   It insulates you from electricity.
   It provides partial protection from all sources of acid and corrosion.
   It has a curse placed upon it.
 w - a +0 buckler
 z - a +1 cloak (worn)
 A - a +0 buckler
 D - a +0 cloak
 N - a +1 hat (worn)
Jewellery
 m - a ring of fire (right hand)
 r - a ring of fire (left hand)
 I - an uncursed amulet of guardian spirit
 K - an uncursed ring of ice {unknown}
 M - an uncursed amulet of the gourmand {unknown}
Wands
 L - a wand of polymorph (10)
 O - a wand of clouds (3)
Scrolls
 g - 2 scrolls of blinking {unknown}
 h - 5 scrolls of teleportation {unknown}
 i - a scroll of noise {unknown}
 j - 10 scrolls of identify {unknown}
 k - a scroll of immolation {unknown}
 l - 3 scrolls of remove curse {unknown}
 n - a scroll of random uselessness {unknown}
 B - a scroll of fear {unknown}
Potions
 d - 4 potions of curing {unknown}
 e - a potion of magic {unknown}
 o - 3 potions of haste
 q - a potion of lignification {unknown}
 v - a potion of brilliance {unknown}
 x - a potion of agility {unknown}
 J - 2 potions of degeneration {unknown}
Comestibles
 c - 11 rations
 P - 11 chunks of flesh


   Skills:
 + Level 3.3 Fighting
 - Level 1.5(3.0) Maces & Flails
 + Level 3.9(4.1) Staves
 * Level 2.8 Armour
 - Level 3.0 Dodging
 + Level 5.0 Stealth
 + Level 5.0 Spellcasting
 + Level 4.3 Conjurations
 + Level 4.4 Fire Magic


You had 12 spell levels left.
You knew the following spells:

 Your Spells              Type           Power        Failure   Level  Hunger
a - Flame Tongue          Conj/Fire      #####        12%         1    None
s - Sticky Flame          Conj/Fire      #####...     75%         4    ####...

Your spell library contained the following spells:

 Spells                   Type           Power        Failure   Level  Hunger
 Throw Flame              Conj/Fire      #####.       19%         2    #......
 Conjure Flame            Conj/Fire      #####...     34%         3    ###....
 Beastly Appendage        Tmut           #.....       56%         1    None
 Inner Flame              Hex/Fire       ####....     65%         3    ###....
 Sticks to Snakes         Tmut           #.......     71%         2    #......
 Spider Form              Tmut/Pois      #.........   91%         3    ###....
 Fireball                 Conj/Fire      #####.....   97%         5    ######.
 Ice Form                 Ice/Tmut       #.......     100%        4    ####...
 Blade Hands              Tmut           #.........   100%        5    ######.


Dungeon Overview and Level Annotations

Branches:
Dungeon (6/15)             Temple (1/1) D:4

Altars:
Ashenzari
Cheibriados
Dithmenos
Fedhas
Gozag
Hepliaklqana
Kikubaaqudgha
Makhleb
Nemelex Xobeh
Okawaru
Qazlal
Ru
Sif Muna
Trog
Wu Jian
Zin

Shops:
D:5 *[

Annotations:
D:6 Blork the orc


Innate Abilities, Weirdness & Mutations

You are resistant to torment.
Your stone body is resilient. (AC +5)
You are immune to poison.
You resist negative energy. (rN+)
You are resistant to electric shocks. (rElec)
You can survive without breathing.
You are immune to petrification.
You are immune to rotting.


Message History

The hound is lightly wounded.
The centaur hits your hound zombie! The hound bites you but does no damage.
Your hound zombie closely misses the hound.
Blork the orc casts a spell.
Blork the orc seems to speed up.
The centaur hits your hound zombie.
You hit the hound.
The hound suddenly stops moving!
The hound is moderately wounded.
Your hound zombie bites the hound.
The centaur hits your hound zombie.
Your hound zombie is destroyed!
The helpless hound fails to defend itself.
You sock the hound!
You kill the hound!
Sif Muna accepts your kill.
The centaur wields an uncursed shortbow.
The centaur shoots an arrow.
The arrow barely misses you.
The centaur shoots an
* * * LOW HITPOINT WARNING * * *
Unknown command.
The centaur unwields an uncursed shortbow.
The centaur hits you.
You die...

........ ........
........ #.......##
........ #........
........ #.......
........ #......
#######. ..... ###...
.o. #...## ########c#
###.###
........@#########...#
........>(..........##
........######.###..#
...................##
............÷......#
...................#
.....................♣
.....................#
#######..............#
#...........#..#
#...........#..#


You could see Blork the orc and a centaur.

Vanquished Creatures
  Grinder (D:6)
  2 ice beasts (D:5)
  A sky beast (D:5)
  4 ogres
  A centaur (D:5)
  A bullfrog (D:6)
  A scorpion (D:5)
  A howler monkey (D:6)
  4 hounds
  An orc priest (D:4)
  Crazy Yiuf (D:3)
  2 iguanas
  7 worker ants
  A hound skeleton (D:6)
  A mummy (D:5)
  6 adders
  2 worms
  A dart slug (D:5)
  3 leopard geckos
  13 orcs
  2 ball pythons
  9 bats
  5 giant cockroaches
  4 goblins
  7 hobgoblins
  15 jackals
  3 quokkas
  5 frilled lizards
  A goblin zombie (D:5)
  2 jackal skeletons
  7 kobolds
  A kobold zombie (D:5)
  2 quokka skeletons
  4 rats
  2 plants (D:4)
123 creatures vanquished.

Vanquished Creatures (collateral kills)
  An adder (D:6)
  A jackal (D:4)
2 creatures vanquished.

Grand Total: 125 creatures vanquished

Notes
Turn   | Place    | Note
-------+----------+-------------------------------------------
     0 | D:1      | bli the Gargoyle Fire Elementalist began the quest for the
                  | Orb.
     0 | D:1      | Reached XP level 1. HP: 10/10 MP: 3/3
   287 | D:1      | Reached XP level 2. HP: 2/16 MP: 0/5
   307 | D:1      | Reached skill level 1 in Fighting
  1302 | D:2      | Reached XP level 3. HP: 2/20 MP: 0/6
  2136 | D:2      | Reached XP level 4. HP: 26/26 MP: 3/7
  2665 | D:3      | Reached skill level 1 in Maces & Flails
  2760 | D:3      | Found a bloodstained altar of Trog.
  3152 | D:3      | Found a runed door.
  3161 | D:3      | Learned a level 4 spell: Sticky Flame
  3161 | D:3      | Noticed Crazy Yiuf
  3167 | D:3      | Paralysed by Crazy Yiuf for 5 turns
  3169 | D:3      | Killed Crazy Yiuf
  3169 | D:3      | Reached XP level 5. HP: 13/30 MP: 4/9
  3354 | D:4      | Noticed an ogre
  3362 | D:4      | Killed an ogre
  3387 | D:4      | Reached XP level 6. HP: 35/35 MP: 8/11
  3895 | D:4      | Found a glowing silver altar of Zin.
  3902 | D:4      | Reached XP level 7. HP: 39/40 MP: 10/12
  3906 | D:4      | Found a staircase to the Ecumenical Temple.
  3931 | Temple   | Entered the Ecumenical Temple
  4165 | Temple   | Became a worshipper of Sif Muna the Loreminder
  4329 | D:4      | Found a sacrificial altar of Ru.
  4710 | D:5      | Entered Level 5 of the Dungeon
  4715 | D:5      | Reached skill level 1 in Staves
  4746 | D:5      | Found an iron altar of Okawaru.
  4805 | D:5      | Reached XP level 8. HP: 12/45 MP: 9/14
  4881 | D:5      | Found Eghiqugi's General Store.
  4977 | D:5      | Found an opulent altar of Gozag.
  4979 | D:5      | Reached * piety under Sif Muna
  5406 | D:5      | Found Koawnith's Antique Armour Boutique.
  5415 | D:5      | Bought a polished scale mail for 243 gold pieces
  5797 | D:5      | Identified the cursed +1 scale mail "Tisoonun" {rElec
                  | rCorr} (You bought it in a shop on level 5 of the Dungeon)
  5842 | D:6      | Noticed Grinder
  5843 | D:6      | Reached skill level 1 in Armour
  5861 | D:6      | Killed Grinder
  5929 | D:6      | Reached skill level 5 in Spellcasting
  6000 | D:6      | Reached skill level 5 in Stealth
  6018 | D:6      | Noticed Blork the orc
  6035 | D:6      | HP: 1/46 [centaur/arrow (3)]
  6036 | D:6      | Slain by a centaur

Skill      XL: |  1  2  3  4  5  6  7  8 |
---------------+-------------------------+-----
Fighting       | 1 2 3 |  3.3
Stealth        | 3 4 5 |  5.0
Maces & Flails | 1 |  1.5
Dodging        | 2 3 |  3.0
Spellcasting   | 3 4 5 |  5.0
Conjurations   | 2 3 4 |  4.3
Staves         | 2 3 |  3.9
Fire Magic     | 4 |  4.4
Armour         | 2 |  2.8

Action                   |  1- 3 |  4- 6 |  7- 9 || total
-------------------------+-------+-------+-------++-------
Melee: Unarmed           |    37 |       |       ||    37
       Club              |    65 |       |       ||    65
       Flail             |       |    75 |       ||    75
       Quarterstaff      |       |    18 |   131 ||   149
Throw: Stone             |     2 |     7 |     3 ||    12
 Cast: Flame Tongue      |    29 |    53 |    47 ||   129
       Sticky Flame      |       |     1 |       ||     1
 Stab: Sleeping          |     6 |     5 |     5 ||    16
       Petrifying        |       |       |     2 ||     2
       Paralysed         |       |       |     1 ||     1
  Eat: Chunk             |     4 |     6 |     4 ||    14
       Ration            |       |       |     1 ||     1
Armor: Robe              |    38 |    53 |       ||    91
       Leather armour    |       |       |    14 ||    14
       Scale mail        |       |       |    22 ||    22
Dodge: Dodged            |   101 |    84 |    57 ||   242
